 Dungeon Crawl Stone Soup version 0.17.0-28-g6e173f8 (webtiles) character file.

4008 M4edhros the Prestidigitator (level 10, -6/58 HPs)
             Began as an Octopode Artificer on Nov 25, 2015.
             Was a High Priest of Qazlal.
             Shot with an arrow by a centaur warrior (20 damage)
             ... on level 8 of the Dungeon.
             The game lasted 00:15:16 (6725 turns).

M4edhros the Prestidigitator (Octopode Artificer)   Turns: 6725, Time: 00:15:17

Health: -6/58      AC:  1    Str: 10      XL:     10   Next: 23%
Magic:  17/17      EV: 17    Int: 14      God:    Qazlal [*****.]
Gold:   409        SH:  7    Dex: 15 (17) Spells: 0 memorised, 9 levels left

rFire  . . .     SeeInvis .     K - +3 demon whip (venom)
rCold  . . .     Clarity  .     (no shield)
rNeg   + + .     SustAt   .     (helmet restricted)
rPois  .         Gourm    .     r - amulet of faith
rElec  .         Spirit   .     y - ring of protection from magic
rCorr  .         Warding  .     m - ring of positive energy
rMut   .         Stasis   .     v - ring of positive energy
MR     +....                    (no ring)
Stlth  ++........               (no ring)
                                (no ring)
                                (no ring)
                                (no ring)

@: repel missiles, somewhat resistant to hostile enchantments, unstealthy
A: almost no armour, amphibious, 8 rings, constrict 8, camouflage 1, gelatinous
body 1
a: Upheaval, Elemental Force, Disaster Area, Renounce Religion


You were on level 8 of the Dungeon.
You worshipped Qazlal.
Qazlal was extremely pleased with you.
You were not hungry.

You visited 1 branch of the dungeon, and saw 9 of its levels.
You also visited: Sewer.

You collected 409 gold pieces.

Inventory:

Hand Weapons
 a - a +0 short sword
 i - a +2 short sword of venom
 p - a +0 blowgun
 w - a +2 short sword of venom
 C - a +2 hunting sling
 K - a +3 demon whip of venom (weapon)
Missiles
 k - 245 stones (quivered)
 n - 21 sling bullets of frost
 q - 22 poisoned needles
 D - 5 sling bullets
Jewellery
 m - a ring of positive energy (right tentacle)
 r - an amulet of faith (around mantle)
 v - a ring of positive energy (on tentacle)
 y - a ring of protection from magic (left tentacle)
 H - an uncursed amulet of rage
Wands
 b - a wand of flame (5)
 c - a wand of enslavement (1)
 d - a wand of random effects (0)
Scrolls
 g - 5 scrolls of remove curse
 o - 2 scrolls of random uselessness
 x - a scroll of fear
 z - a scroll of amnesia
 B - a scroll of immolation
 F - 2 scrolls of teleportation
 J - a scroll of enchant armour
Potions
 j - a potion of degeneration
 l - 6 potions of heal wounds
 t - 7 potions of curing
 u - 2 potions of might
 A - a potion of cancellation
 I - a potion of brilliance
Comestibles
 e - 2 bread rations
 f - a royal jelly
 h - 3 meat rations
 s - 4 beef jerkies
 E - a chunk of flesh
 G - 5 fruits


   Skills:
 - Level 1.0 Fighting
 - Level 1.0 Short Blades
 + Level 1.1 Maces & Flails
 * Level 6.8 Slings
 + Level 8.1 Dodging
 - Level 4.0 Stealth
 + Level 5.0 Invocations
 + Level 9.6 Evocations


You had 9 spell levels left.
You didn't know any spells.

Dungeon Overview and Level Annotations

Branches:
Dungeon (9/15)
 Temple: D:4-7         Lair: D:8-11         Orc: D:9-12

Altars:
Ashenzari
Dithmenos
Elyvilon
Fedhas
Gozag
Makhleb
Nemelex Xobeh
Qazlal
Trog
Vehumet
Xom
Yredelemnul


Innate Abilities, Weirdness & Mutations

You cannot wear most types of armour.
You are amphibious.
You can wear up to eight rings at the same time.
You can use your tentacles to constrict eight enemies at once.
Your skin changes colour to match your surroundings (Stealth).
Your rubbery body absorbs attacks (AC +1).


Message History

You see here a club.
The centaur warrior unwields an uncursed halberd of chopping.
The centaur warrior wields a glowing shortbow.
The centaur warrior shoots an arrow.
The arrow is repelled.
Things that are here:
a scale mail; a whip; a chain mail The centaur warrior shoots an arrow.
The arrow is repelled.
Things that are here:
an arrow; a leather armour The centaur warrior shoots an arrow.
The arrow hits you!!
* * * LOW HITPOINT WARNING * * *
You see here an arrow.
Evoke which item? (* to show all) (? for menu, Esc to quit)
Zapping:
c - a wand of enslavement (2)
Press: ? - help, Shift-Dir - straight line, f - centaur warrior
Aim: a centaur warrior, wielding an enchanted shortbow (chance to defeat MR: 50%)
The centaur warrior resists with some effort.
This wand has 1 charge left.
The centaur warrior shoots an arrow.
The arrow hits you!!
You die...

#......# #......#
#......# ..#
#......# ..+
..#......#
#..#....#...(..#
#..#....#...§§§#
#.##....#...§[(#
####.......#c...@§#
..(........'.....§#
..#.§......#..§...#
.)#§.......#....).#
..#.§..<...#......#
..#........#......#
..#........#......#
..#........#......#
§.#........#......#


You could see a centaur warrior.

Vanquished Creatures
  Erica (D:8)
  A cyclops (D:8)
  Prince Ribbit (D:5)
  A hippogriff (D:7)
  A mottled dragon (D:8)
  A black bear (D:6)
  2 sky beasts
  2 centaurs (D:5)
  7 ogres
  2 big kobolds (Sewer)
  2 giant frogs
  A wyvern skeleton (D:6)
  2 scorpions
  3 crimson imps
  2 jellies
  A quasit (D:8)
  2 centaur skeletons
  2 giant frog zombies
  4 orc priests
  An orc wizard (D:5)
  Jessica (D:2)
  Terence (D:2)
  Natasha (D:2)
  5 hounds
  2 iguanas
  6 worker ants
  A hound zombie (D:5)
  A hound skeleton (D:5)
  3 river rats (Sewer)
  10 adders
  3 shadow imps
  2 oozes
  An adder skeleton (D:7)
  An adder zombie (D:5)
  3 worms
  4 giant geckos
  25 orcs
  8 bats
  4 giant cockroaches
  9 goblins
  9 hobgoblins
  4 jackals
  21 kobolds
  A quokka (D:2)
  4 ball pythons
  A giant cockroach zombie (D:6)
  A giant gecko skeleton (D:5)
  7 giant newts
  A quokka skeleton (D:4)
  A quokka zombie (D:6)
  23 rats
203 creatures vanquished.

Vanquished Creatures (collateral kills)
  Menkaure (D:7)
  An ogre (D:7)
  An adder (Sewer)
  2 orcs
  A kobold (Sewer)
  A ball python (Sewer)
  A giant gecko skeleton (D:7)
  4 rats (Sewer)
12 creatures vanquished.

Vanquished Creatures (others)
  A worker ant (D:3)
  An adder (Sewer)
  4 toadstools (D:1)
6 creatures vanquished.

Grand Total: 221 creatures vanquished

Notes
Turn   | Place    | Note
--------------------------------------------------------------
     0 | D:1      | M4edhros the Octopode Artificer began the quest for the Orb.
     0 | D:1      | Reached XP level 1. HP: 13/13 MP: 3/3
    82 | D:1      | Reached XP level 2. HP: 18/18 MP: 4/4
   189 | D:2      | Found a faded altar to an unknown god.
   238 | D:2      | Became a worshipper of Qazlal Stormbringer
   238 | D:2      | Reached * piety under Qazlal
   525 | D:1      | Reached XP level 3. HP: 17/23 MP: 5/5
   721 | D:2      | Reached skill level 4 in Evocations
   732 | D:2      | Found a shadowy altar of Dithmenos.
   794 | D:2      | Noticed Terence
   805 | D:2      | Killed Terence
   805 | D:2      | Reached XP level 4. HP: 12/28 MP: 7/7
  1061 | D:2      | Noticed Jessica
  1065 | D:2      | Killed Jessica
  1138 | D:2      | Noticed Natasha
  1139 | D:2      | Found a radiant altar of Vehumet.
  1142 | D:2      | Reached ** piety under Qazlal
  1146 | D:2      | Killed Natasha
  1146 | D:2      | Reached skill level 5 in Evocations
  1146 | D:2      | Reached XP level 5. HP: 18/33 MP: 8/8
  2248 | D:4      | Found a sparkling altar of Nemelex Xobeh.
  2280 | D:4      | Noticed an ogre
  2362 | D:3      | Killed an ogre
  2362 | D:3      | Reached XP level 6. HP: 34/38 MP: 10/10
  2411 | D:4      | Noticed an ogre
  2416 | D:4      | Killed an ogre
  2416 | D:4      | Reached *** piety under Qazlal
  2416 | D:4      | Reached skill level 6 in Evocations
  2509 | D:4      | Found a glowing drain.
  2562 | Sewer    | Entered a sewer
  2730 | Sewer    | Reached XP level 7. HP: 22/43 MP: 11/11
  2756 | Sewer    | Reached **** piety under Qazlal
  2885 | Sewer    | Reached skill level 5 in Dodging
  3384 | D:4      | Reached skill level 7 in Evocations
  3665 | D:5      | Entered Level 5 of the Dungeon
  3739 | D:5      | Found a burning altar of Makhleb.
  3741 | D:5      | Found a shattered altar of Ashenzari.
  3763 | D:5      | Reached XP level 8. HP: 44/48 MP: 13/13
  3952 | D:5      | Reached skill level 8 in Evocations
  4199 | D:5      | Reached skill level 1 in Slings
  4205 | D:5      | Found a radiant altar of Vehumet.
  4212 | D:5      | Noticed Prince Ribbit
  4230 | D:5      | Killed Prince Ribbit
  4230 | D:5      | Reached skill level 1 in Invocations
  4440 | D:5      | Reached ***** piety under Qazlal
  4832 | D:6      | Found a bloodstained altar of Trog.
  4853 | D:6      | Found a stormy altar of Qazlal.
  4868 | D:6      | Found an opulent altar of Gozag.
  4885 | D:6      | HP: 2/48 [wyvern skeleton (16)]
  5180 | D:6      | Reached XP level 9. HP: 53/53 MP: 15/15
  5256 | D:6      | Found a blossoming altar of Fedhas.
  5379 | D:6      | Found a white marble altar of Elyvilon.
  5710 | D:6      | Found a shimmering altar of Xom.
  6065 | D:6      | Found a basalt altar of Yredelemnul.
  6160 | D:7      | Noticed Menkaure
  6172 | D:7      | Killed Menkaure
  6400 | D:8      | Noticed Erica
  6409 | D:8      | Killed Erica
  6409 | D:8      | Reached skill level 5 in Slings
  6409 | D:8      | Reached skill level 9 in Evocations
  6430 | D:8      | Noticed a cyclops
  6439 | D:8      | Killed a cyclops
  6439 | D:8      | Reached XP level 10. HP: 54/58 MP: 15/17
  6472 | D:8      | Noticed a red ugly thing
  6641 | D:8      | Reached skill level 1 in Maces & Flails
  6641 | D:8      | Reached skill level 5 in Invocations
  6722 | D:8      | Noticed a centaur warrior
  6725 | D:8      | Shot with an arrow by a centaur warrior

Action                   |  1- 3 |  4- 6 |  7- 9 | 10-12 || total
-------------------------+-------+-------+-------+-------++-------
Melee: Short sword       |    44 |   111 |   142 |     2 ||   299
       Demon whip        |       |       |       |    50 ||    50
 Fire: Hunting sling     |       |       |   123 |       ||   123
Evoke: Wand              |       |    13 |    21 |     5 ||    39
  Use: Scroll            |       |    10 |     4 |     2 ||    16
       Potion            |       |     6 |     6 |       ||    12
 Stab: Sleeping          |     5 |       |       |       ||     5
       Paralysed         |       |       |     1 |       ||     1
  Eat: Chunk             |       |     6 |     6 |     1 ||    13
       Meat ration       |       |       |     1 |       ||     1
